 Dungeon Crawl Stone Soup version 0.30.1-11-g7821555f0a (webtiles) character file.

Game seed: 17674832739481493512

18298 Ijustatesigmund the Protected (level 12, -5/92 HPs)
             Began as a Gnoll Conjurer on Nov 7, 2023.
             Was an Elder of Vehumet.
             Slain by a very large slime creature (58 damage)
             ... on level 12 of the Dungeon.
             The game lasted 00:28:32 (14250 turns).

Ijustatesigmund the Protected (Gnoll Conjurer)     Turns: 14250, Time: 00:28:33

Health: -5/92      AC: 16    Str:  6    XL:     12   Next: 57%
Magic:  21/25      EV: 15    Int: 25    God:    Vehumet [****..]
Gold:   1013       SH:  0    Dex: 11    Spells: 21/29 levels left

rFire   . . .        J - +10 trident "Ewyeb" {vamp, *Corrode rPois Int+2 Stlth+}
rCold   . . .        (no shield)
rNeg    . . .        a - +0 steam dragon scales
rPois   +            I - +1 helmet
rElec   .            f - +0 cloak
rCorr   +            (no gloves)
SInv    .            G - +0 pair of boots
Will    .....        B - amulet of regeneration
Stlth   +++++        p - +4 ring of protection
HPRegen 1.15/turn    h - ring of resist corrosion
MPRegen 0.19/turn

%: corrode self (3%)
@: studying Armour
A: fangs 1, strong nose, distributed training
a: Renounce Religion


You were on level 12 of the Dungeon.
You worshipped Vehumet.
Vehumet was greatly pleased with you.
You visited 2 branches of the dungeon, and saw 13 of its levels.

You collected 1013 gold pieces.

Inventory:

Hand Weapons
 k - the +7 sling "Thing" {freeze, rF+ Will+ Int+2}
   (You found it on level 7 of the Dungeon)

   Int:       It affects your intelligence (+2).
   rF:        It protects you from fire.
   Will:      It increases your willpower.
 s - the +7 short sword of Wopiow {drain, rC++ rN+ Will- Str+4}
   (You found it on level 3 of the Dungeon)

   Str:       It affects your strength (+4).
   rC:        It greatly protects you from cold.
   rN:        It protects you from negative energy.
   Will:      It decreases your willpower.
 F - a +2 vampiric short sword
 J - the +10 trident "Ewyeb" (weapon) {vamp, *Corrode rPois Int+2 Stlth+}
   (You found it on level 7 of the Dungeon)

   Int:       It affects your intelligence (+2).
   rPois:     It protects you from poison.
   *Corrode:  It may corrode you when you take damage.
   Stlth:     It makes you more stealthy.
Armour
 a - +0 steam dragon scales (worn)
 f - a +0 cloak (worn)
 i - a +2 chain mail of fire resistance
 G - a +0 pair of boots (worn)
 I - a +1 helmet (worn)
 O - a +0 pair of gloves
 Q - a +0 troll leather armour
Jewellery
 c - a ring of see invisible
 h - a ring of resist corrosion (right hand)
 p - a +4 ring of protection (left hand)
 A - a ring of protection from fire
 B - an amulet of regeneration (around neck)
 P - a +4 ring of slaying
 S - a ring of protection from fire
Wands
 t - a wand of flame (15)
 y - a wand of digging (5)
 D - a wand of light (5)
Scrolls
 e - 3 scrolls of fog
 g - 4 scrolls of amnesia
 j - 2 scrolls of poison
 n - 4 scrolls of noise {unknown}
 o - a scroll of fear
 q - 7 scrolls of teleportation
 v - 10 scrolls of identify
 x - 2 scrolls of enchant weapon {unknown}
 z - a scroll of immolation
 E - a scroll of vulnerability {unknown}
 H - a scroll of brand weapon {unknown}
 M - a scroll of blinking {unknown}
 R - a scroll of silence {unknown}
Potions
 b - 4 potions of magic
 d - 3 potions of heal wounds
 l - 4 potions of brilliance
 m - a potion of flight
 r - 7 potions of curing
 u - 4 potions of mutation
 w - a potion of attraction
 C - 4 potions of might
 L - a potion of lignification
 N - a potion of ambrosia {unknown}


   Skills:
 + Level 7.7 Fighting
 + Level 7.7 Short Blades
 + Level 7.7 Long Blades
 + Level 7.7 Axes
 + Level 7.7 Maces & Flails
 + Level 7.7 Polearms
 + Level 7.7 Staves
 + Level 7.7 Ranged Weapons
 + Level 7.7 Throwing
 + Level 10.0 Armour
 + Level 9.0 Dodging
 + Level 8.8 Stealth
 + Level 7.7 Shields
 + Level 7.7 Unarmed Combat
 + Level 9.2 Spellcasting
 + Level 9.6 Conjurations
 + Level 6.4 Hexes
 + Level 6.4 Summonings
 + Level 6.4 Necromancy
 + Level 6.4 Translocations
 + Level 6.4 Transmutations
 + Level 6.4 Fire Magic
 + Level 6.4 Ice Magic
 + Level 6.4 Air Magic
 + Level 6.4 Earth Magic
 + Level 6.4 Poison Magic
 + Level 8.4 Invocations
 + Level 7.7 Evocations


You had 21 spell levels left.
You knew the following spells:

 Your Spells              Type           Power      Damage    Failure   Level
a - Magic Dart            Conj           100%       1d8       1%          1
b - Iskenderun's Mystic   Conj/Tloc      51%        2d11      1%          4
c - Hailstorm             Conj/Ice       51%        3d11      1%          3

Your spell library contained the following spells:

 Spells                   Type           Power      Damage    Failure   Level
 Mephitic Cloud           Conj/Pois/Air  49%        N/A       1%          3
 Shock                    Conj/Air       100%       1d9       1%          1
 Sting                    Tmut/Pois      100%       1d8       1%          1
 Poisonous Vapours        Pois/Air       86%        N/A       1%          2
 Searing Ray              Conj           100%       2d8       1%          2
 Dazzling Flash           Conj/Hex       100%       N/A       1%          3
 Inner Flame              Hex/Fire       43%        N/A       1%          3
 Swiftness                Air            43%        N/A       1%          3
 Volatile Blastmotes      Fire/Tloc      86%        2d17      1%          3
 Airstrike                Air            21%        2d(4-20)  1%          4
 Flame Wave               Conj/Fire      51%        2d13      1%          4
 Fulminant Prism          Conj/Hex       25%        3d14      1%          4
 Olgreb's Toxic Radiance  Pois           43%        N/A       1%          4
 Sticky Flame             Conj/Fire      51%        2d7       1%          4
 Anguish                  Hex/Necr       21%        N/A       3%          4
 Cause Fear               Hex            21%        N/A       3%          4
 Lee's Rapid Deconstruct  Erth           21%        3d12*     3%          5
 Yara's Violent Unravell  Hex/Tmut       21%        3d10      3%          5
 Enfeeble                 Hex            21%        N/A       97%         7


Dungeon Overview and Level Annotations

Branches:
Dungeon (12/15)            Temple (1/1) D:4            Lair (0/5) D:10
    Orc (0/2) D:9

Altars:
Ashenzari
Cheibriados
Dithmenos
Elyvilon
Fedhas
Gozag
Hepliaklqana
Kikubaaqudgha
Makhleb
Nemelex Xobeh
Okawaru
Qazlal
Ru
Sif Muna
Trog
Uskayaw
Vehumet
Wu Jian
Xom
Yredelemnul
Zin
The Shining One

Shops:
D:1 ?

Annotations:
D:2 Robin
D:5 2 runed translucent doors


Innate Abilities, Weirdness & Mutations

You have very sharp teeth.
Your uncanny sense of smell can sniff out nearby items.
Your experience applies equally to all skills.


Message History

The sling bullet freezes the large slime creature.
The large slime creature is almost dead.
The two-headed ogre misses you.
The two-headed ogre hits you with a +0 giant spiked club!
Two slime creatures merge to form a very large slime creature.
The +7 sling "Thing" {freeze, rF+ Will+ Int+2} stops glowing.
You feel clever.
You feel a sense of dread.
J - the +10 trident "Ewyeb" (weapon)
{vamp, *Corrode rPois Int+2 Stlth+} A very large slime creature splits.
You puncture the slime creature!
You feel better.
The slime creature is severely wounded.
The two-headed ogre misses you.
The two-headed ogre hits you with a +0 giant spiked club!
You hit the slime creature.
You feel better.
The slime creature is almost dead.
Two slime creatures merge to form a very large slime creature.
The slime creature hits you but does no damage.
Unknown command.
Casting: Iskenderun's Mystic Blast (mildly dangerous; 1% risk of failure)
Confirm with . or Enter, or press ? or * to list all spells.
You erupt in a blast of force!
The mystic blast hits the slime creature.
The slime creature is almost dead.
The slime creature is knocked back by the mystic blast.
The mystic blast hits the very large slime creature!
The very large slime creature is heavily wounded.
The very large slime creature is knocked back by the mystic blast.
The very large slime creature slams into the rock wall!
The very large slime creature is heavily wounded.
The mystic blast hits the two-headed ogre!
The two-headed ogre is moderately wounded.
The two-headed ogre is knocked back by the mystic blast.
The two-headed ogre slams into the rock wall!
The two-headed ogre is moderately wounded.
The two-headed ogre misses you.
The two-headed ogre hits you with a +0 giant spiked club!!
The very large slime creature hits you!!!
Ouch! That really hurt!
You die...

#..# #..# #
#..##.#
#.....#
#######..####
......)..#
........##
..####.J##
#.@J#
#.#O>..... #.
.###### #. ##
#. #. #. ##


You could see a very large slime creature, a slime creature and a two-headed
ogre.

Vanquished Creatures
  A boulder beetle (D:10)
  2 centaur warriors (D:9)
  4 two-headed ogres
  Lodul (D:10)
  3 manticores
  An ugly thing (D:9)
  An elephant (D:10)
  A gargoyle (D:11)
  2 hornets
  3 trolls
  A slime creature (D:12)
  Sigmund (D:4)
  2 shadows
  4 wraiths
  4 yaks
  A basilisk (D:11)
  3 wyverns
  A basilisk (shapeshifter) (D:9)
  A steam dragon (D:7)
  4 vampire mosquitoes (D:11)
  Menkaure (D:7)
  2 water moccasins
  2 acid dragons
  Duvessa (D:4)
  A swamp drake (D:9)
  6 orc warriors
  3 black bears
  A sky beast (D:7)
  11 ogres
  4 centaurs
  2 phantoms
  3 kobold brigands
  9 bullfrogs
  3 gnoll sergeants
  6 scorpions
  5 wights (D:8)
  Dowan (D:4)
  29 killer bees
  4 hounds
  3 jellies
  9 orc priests
  A gnoll bouda (D:6)
  Ijyb (D:5)
  Natasha (thrice) (D:4)
  5 iguanas
  11 orc wizards
  14 adders
  5 gnolls
  2 shadow imps
  A white imp (D:6)
  An ufetubus (D:6)
  2 dart slugs
  33 orcs
  5 endoplasms
  8 giant cockroaches
  11 goblins
  4 hobgoblins
  3 jackals (D:1)
  8 kobolds
  5 quokkas
  6 ball pythons
  5 bats
  A rat (D:1)
282 creatures vanquished.

Vanquished Creatures (others)
  An ugly thing (D:9)
  An orc wizard (D:3)
2 creatures vanquished.

Grand Total: 284 creatures vanquished

Notes
Turn   | Place    | Note
-------+----------+-------------------------------------------
     0 | D:1      | Ijustatesigmund the Gnoll Conjurer began the quest for the
                  | Orb.
     0 | D:1      | Reached XP level 1. HP: 13/13 MP: 6/6
    39 | D:1      | Reached XP level 2. HP: 19/19 MP: 4/7
    71 | D:1      | Found Vaut Fuas's Magic Scroll Shop.
   642 | D:1      | Reached skill level 5 in Spellcasting
   642 | D:1      | Reached XP level 3. HP: 25/25 MP: 6/9
  1268 | D:2      | Reached skill level 1 in Invocations
  1344 | D:2      | Reached skill level 1 in Fighting
  1344 | D:2      | Reached skill level 1 in Short Blades
  1344 | D:2      | Reached skill level 1 in Long Blades
  1344 | D:2      | Reached skill level 1 in Axes
  1344 | D:2      | Reached skill level 1 in Maces & Flails
  1344 | D:2      | Reached skill level 1 in Polearms
  1344 | D:2      | Reached skill level 1 in Staves
  1344 | D:2      | Reached skill level 1 in Ranged Weapons
  1344 | D:2      | Reached skill level 1 in Throwing
  1344 | D:2      | Reached skill level 1 in Armour
  1344 | D:2      | Reached skill level 1 in Shields
  1344 | D:2      | Reached skill level 1 in Unarmed Combat
  1344 | D:2      | Reached skill level 1 in Evocations
  1571 | D:2      | Reached XP level 4. HP: 32/32 MP: 8/11
  1928 | D:2      | Noticed Robin
  2086 | D:3      | Reached skill level 1 in Hexes
  2086 | D:3      | Reached skill level 1 in Summonings
  2086 | D:3      | Reached skill level 1 in Necromancy
  2086 | D:3      | Reached skill level 1 in Translocations
  2086 | D:3      | Reached skill level 1 in Transmutations
  2086 | D:3      | Reached skill level 1 in Fire Magic
  2086 | D:3      | Reached skill level 1 in Ice Magic
  2086 | D:3      | Reached skill level 1 in Air Magic
  2086 | D:3      | Reached skill level 1 in Earth Magic
  2086 | D:3      | Reached skill level 1 in Poison Magic
  2134 | D:3      | Reached XP level 5. HP: 29/37 MP: 8/12
  2250 | D:3      | Identified the +7 short sword of Wopiow {drain, rC++ rN+
                  | Will- Str+4}
  2800 | D:4      | Noticed Duvessa
  2800 | D:4      | Noticed Dowan
  2817 | D:3      | Reached XP level 6. HP: 22/44 MP: 10/14
  3069 | D:4      | Noticed Natasha
  3073 | D:4      | Killed Natasha
  3074 | D:4      | Reached skill level 2 in Armour
  3074 | D:4      | Reached skill level 5 in Dodging
  3075 | D:4      | Noticed Natasha
  3082 | D:4      | Killed Natasha
  3255 | D:4      | Noticed Sigmund
  3265 | D:4      | Killed Sigmund
  3266 | D:4      | Reached XP level 7. HP: 47/51 MP: 9/15
  3465 | D:4      | Noticed Natasha
  3468 | D:4      | Killed Natasha
  3720 | D:4      | Found a staircase to the Ecumenical Temple.
  3728 | Temple   | Entered the Ecumenical Temple
  3978 | D:4      | Reached skill level 5 in Stealth
  4167 | D:4      | Killed Duvessa
  4169 | D:4      | Killed Dowan
  4340 | D:5      | Entered Level 5 of the Dungeon
  4353 | D:5      | Reached skill level 3 in Armour
  4353 | D:5      | Reached XP level 8. HP: 58/58 MP: 11/16
  4674 | D:5      | Noticed Ijyb
  4681 | D:5      | Killed Ijyb
  4692 | D:5      | Found a runed translucent door.
  4694 | D:5      | Found a runed translucent door.
  4760 | D:5      | Noticed a two-headed ogre
  4825 | D:5      | Noticed a two-headed ogre
  4825 | D:5      | Noticed a yak
  4831 | D:5      | Killed a two-headed ogre
  4832 | D:5      | Reached skill level 4 in Armour
  4832 | D:5      | Reached XP level 9. HP: 45/65 MP: 18/18
  5394 | D:6      | Found a blossoming altar of Fedhas.
  5864 | D:6      | Learned a level 4 spell: Iskenderun's Mystic Blast
  6023 | D:6      | Reached skill level 5 in Invocations
  6253 | D:6      | Reached skill level 5 in Armour
  6700 | D:7      | Found an ornate altar of the Wu Jian Council.
  7355 | D:7      | Reached skill level 5 in Fighting
  7355 | D:7      | Reached skill level 5 in Short Blades
  7355 | D:7      | Reached skill level 5 in Long Blades
  7355 | D:7      | Reached skill level 5 in Axes
  7355 | D:7      | Reached skill level 5 in Maces & Flails
  7355 | D:7      | Reached skill level 5 in Polearms
  7355 | D:7      | Reached skill level 5 in Staves
  7355 | D:7      | Reached skill level 5 in Ranged Weapons
  7355 | D:7      | Reached skill level 5 in Throwing
  7355 | D:7      | Reached skill level 5 in Shields
  7355 | D:7      | Reached skill level 5 in Unarmed Combat
  7355 | D:7      | Reached skill level 5 in Evocations
  7355 | D:7      | Reached XP level 10. HP: 74/74 MP: 11/20
  7528 | D:7      | Noticed Menkaure
  7543 | D:7      | Killed Menkaure
  7779 | D:7      | Identified the +10 trident "Ewyeb" {vamp, *Corrode rPois
                  | Int+2 Stlth+}
  7790 | D:7      | Reached skill level 6 in Armour
  8013 | D:7      | Identified the +7 sling "Thing" {freeze, rF+ Will+ Int+2}
  8106 | D:8      | Found a radiant altar of Vehumet.
  8114 | D:8      | Became a worshipper of Vehumet
  9080 | D:9      | Reached * piety under Vehumet
  9080 | D:9      | Offered knowledge of Kiss of Death by Vehumet.
  9907 | D:9      | Reached skill level 7 in Armour
 10889 | D:9      | Noticed a cyan ugly thing
 10897 | D:9      | Noticed a brown ugly thing
 10920 | D:9      | Killed a brown ugly thing
 10920 | D:9      | Noticed a centaur warrior
 10921 | D:9      | Reached skill level 5 in Hexes
 10921 | D:9      | Reached skill level 5 in Summonings
 10921 | D:9      | Reached skill level 5 in Necromancy
 10921 | D:9      | Reached skill level 5 in Translocations
 10921 | D:9      | Reached skill level 5 in Transmutations
 10921 | D:9      | Reached skill level 5 in Fire Magic
 10921 | D:9      | Reached skill level 5 in Ice Magic
 10921 | D:9      | Reached skill level 5 in Air Magic
 10921 | D:9      | Reached skill level 5 in Earth Magic
 10921 | D:9      | Reached skill level 5 in Poison Magic
 10921 | D:9      | Reached XP level 11. HP: 81/81 MP: 21/23
 10923 | D:9      | Killed a cyan ugly thing
 10934 | D:9      | Killed a centaur warrior
 10939 | D:9      | Noticed a centaur warrior
 10950 | D:9      | Killed a centaur warrior
 10966 | D:9      | Noticed a manticore
 10979 | D:9      | Killed a manticore
 10980 | D:9      | Reached skill level 8 in Armour
 11173 | D:9      | Offered knowledge of Static Discharge by Vehumet.
 11221 | D:9      | Reached ** piety under Vehumet
 11338 | D:9      | Found a staircase to the Orcish Mines.
 11477 | D:10     | Entered Level 10 of the Dungeon
 11688 | D:10     | Noticed Lodul
 11695 | D:10     | Killed Lodul
 11706 | D:10     | Noticed a two-headed ogre
 11712 | D:10     | Offered knowledge of Hailstorm by Vehumet.
 11718 | D:10     | Killed a two-headed ogre
 11973 | D:10     | Reached skill level 9 in Armour
 12027 | D:10     | Found a staircase to the Lair.
 12161 | D:10     | Found a shadowy altar of Dithmenos.
 12190 | D:10     | Found a large runed translucent door.
 12191 | D:10     | Found a large runed translucent door.
 12209 | D:10     | Found a sparkling altar of Nemelex Xobeh.
 12222 | D:10     | Reached XP level 12. HP: 88/91 MP: 24/24
 12352 | D:10     | Found a glowing silver altar of Zin.
 12693 | D:10     | Reached *** piety under Vehumet
 12700 | D:10     | Noticed a boulder beetle
 12758 | D:10     | Killed a boulder beetle
 12832 | D:10     | Learned a level 3 spell: Hailstorm
 13001 | D:11     | Offered knowledge of Mephitic Cloud by Vehumet.
 14135 | D:12     | Noticed a two-headed ogre
 14147 | D:12     | Killed a two-headed ogre
 14186 | D:12     | Noticed a two-headed ogre
 14195 | D:12     | Killed a two-headed ogre
 14196 | D:12     | Reached skill level 10 in Armour
 14238 | D:12     | Noticed a two-headed ogre
 14242 | D:12     | Reached **** piety under Vehumet
 14250 | D:12     | Slain by a very large slime creature

Illustrated notes

Levels and vault maps discovered:
D:1:      lightli_arrival_boilingwater, layout_basic, serial_shops, shop
D:2:      layout_basic, patterned_corridor, uniq_robin
D:3:      layout_rooms
D:4:      layout_loops_cross, minmay_temple_entry_slanted, corexii_corridor_pit,
          uniq_natasha, uniq_sigmund, uniq_duvessa
D:5:      lemuel_insect_pit, layout_cave_pools, minmay_manual_maat, uniq_ijyb
D:6:      minmay_chambers_of_threes, layout_cave_pools, fedhas_altar_1,
          serial_column_ruins, column_ruins_hut_ruined,
          column_ruins_hut_pillars, column_ruins_grid_1,
          column_ruins_columns_corner, column_ruins_grid_3,
          column_ruins_corridor_corner, column_ruins_grid_3,
          nicolae_zen_rock_garden
D:7:      minmay_angry_zag, layout_rooms, amcnicky_altar_gilded,
          chequers_serial_rivers_room_a, small_statue_intersection,
          uniq_menkaure
D:8:      layout_cave_pools, vehumet_crystals, nicolae_hexahallways
D:9:      layout_basic, erik_orc_1, minmay_fractal_squares_gapless_7
D:10:     layout_basic, mainiacjoe_overflow_chevrons, jmf_multi_god_temple2,
          david_lair_generic, kennysheep_small_circle, uniq_lodul
D:11:     layout_cave_pods
D:12:     layout_loops_ring, uniq_josephine, uniq_fannar
Temple:   eino_temple_scatter_basement

Skill      XL: |  1  2  3  4  5  6  7  8  9 10 11 12 |
---------------+-------------------------------------+-----
Spellcasting   | 5 6 7 8 9 |  9.2
Invocations    | 1 2 3 4 5 6 7 8 |  8.4
Fighting       | 1 2 3 4 5 6 7 |  7.7
Short Blades   | 1 2 3 4 5 6 7 |  7.7
Long Blades    | 1 2 3 4 5 6 7 |  7.7
Axes           | 1 2 3 4 5 6 7 |  7.7
Maces & Flails | 1 2 3 4 5 6 7 |  7.7
Polearms       | 1 2 3 4 5 6 7 |  7.7
Staves         | 1 2 3 4 5 6 7 |  7.7
Ranged Weapons | 1 2 3 4 5 6 7 |  7.7
Throwing       | 1 2 3 4 5 6 7 |  7.7
Armour         | 1 2 3 4 5 7 9 10 | 10.0
Shields        | 1 2 3 4 5 6 7 |  7.7
Unarmed Combat | 1 2 3 4 5 6 7 |  7.7
Evocations     | 1 2 3 4 5 6 7 |  7.7
Hexes          | 1 2 3 4 5 6 |  6.4
Summonings     | 1 2 3 4 5 6 |  6.4
Necromancy     | 1 2 3 4 5 6 |  6.4
Translocations | 1 2 3 4 5 6 |  6.4
Transmutations | 1 2 3 4 5 6 |  6.4
Fire Magic     | 1 2 3 4 5 6 |  6.4
Ice Magic      | 1 2 3 4 5 6 |  6.4
Air Magic      | 1 2 3 4 5 6 |  6.4
Earth Magic    | 1 2 3 4 5 6 |  6.4
Poison Magic   | 1 2 3 4 5 6 |  6.4
Dodging        | 5 6 7 8 9 |  9.0
Stealth        | 5 6 7 8 |  8.8
Conjurations   | 8 9 |  9.6

Action                     |  1- 3 |  4- 6 |  7- 9 | 10-12 || total
---------------------------+-------+-------+-------+-------++-------
  Melee: Unarmed           |     1 |       |       |       ||     1
         Long sword        |       |    33 |       |       ||    33
         Short sword       |       |     6 |    75 |    16 ||    97
         Bite              |       |     3 |     8 |    33 ||    44
         Punch             |       |       |     4 |    12 ||    16
         Trident           |       |       |       |   354 ||   354
   Fire: Sling             |       |       |       |    57 ||    57
   Cast: Magic Dart        |    57 |    73 |    84 |    62 ||   276
         Iskenderun's Myst |       |       |    21 |    77 ||    98
  Evoke: Wand              |       |       |    17 |    19 ||    36
    Use: Scroll            |     3 |     5 |     4 |     3 ||    15
         Potion            |       |     3 |     1 |     2 ||     6
   Stab: Sleeping          |       |       |     3 |    11 ||    14
         Paralysed         |       |       |       |    13 ||    13
         Distracted        |       |       |       |     2 ||     2
         Invisible         |       |       |       |     2 ||     2
 Armour: Robe              |     5 |    22 |    33 |       ||    60
         Steam dragon scal |       |       |     1 |   175 ||   176
  Dodge: Dodged            |     7 |    30 |    75 |   307 ||   419
